AoeStats
← sada613

Arena

510300966Analyzed
4v4 RM · 1d ago on Sep 30, 2026· 42m 51s· 8 players
Game mode
Random Map
Map size
Large (8 player)
Population
200
Speed
Normal
Resources
Standard
Victory
Conquest
Starting age
Dark Age
Ending age
Imperial Age
RankedLock teamsTeams togetherTeam positionsShared explorationLock speedFull tech treeHidden civsTurbo modeCheats
Victory
Defeat
🇮🇩 Tupi · Indonesia
655
+14
🇲🇽 Mongols · Mexico
647
+14
🇦🇷 Byzantines · Argentina
636
+15
🇫🇷 Teutons · France
545
+18
🇮🇳 Bohemians · India
643
-17
🇯🇵 Persians · Japan
608
-15
🇹🇼 Bengalis · Taiwan
596
-15
🇹🇼 Hindustanis · Taiwan
585
-14
pigfly414
6:52 Loom
12:06 Feudal Age
12:54 Double-Bit Axe
17:21 Castle Age
16:13 Stone Mining
28:09 Paiks
28:49 Bow Saw
29:44 Horse Collar
33:15 Sanctity
32:52 Herbal Medicine
33:09 Fervor
33:17 Redemption
34:04 Heavy Plow
36:37 Imperial Age
37:15 Elite Ratha (Ranged)
38:20 Conscription
40:01 Pikeman
40:41 Squires
A11Wolv3rin3
0:45 Loom
14:58 Feudal Age
16:45 Double-Bit Axe
16:49 Horse Collar
17:15 Man-at-Arms
24:30 Fletching
30:11 Forging
30:02 Scale Mail Armor
34:36 Castle Age
37:59 Bow Saw
37:51 Heavy Plow
37:48 Long Swordsman
37:49 Pikeman
38:29 Squires
38:15 Arson
sada613
11:55 Feudal Age
14:38 Wheelbarrow
14:32 Double-Bit Axe
14:28 Horse Collar
16:38 Gold Mining
16:41 Stone Mining
20:47 Castle Age
23:06 Loom
23:07 Town Watch
23:38 Hand Cart
29:03 Town Patrol
33:35 Imperial Age
31:57 Bow Saw
31:48 Heavy Plow
33:14 Forging
33:09 Scale Barding Armor
32:55 Fletching
33:15 Caravan
34:51 Iron Casting
33:44 Elite War Elephant
35:14 Citadels
37:08 Stone Shaft Mining
37:11 Gold Shaft Mining
37:43 Blast Furnace
37:03 Chain Barding Armor
37:57 Conscription
38:12 Hoardings
40:28 Chain Barding Armor
40:04 Bodkin Arrow
uso61599904
12:49 Feudal Age
13:26 Double-Bit Axe
19:35 Castle Age
18:24 Stone Mining
18:19 Horse Collar
29:09 Bow Saw
32:16 Imperial Age
30:33 Heavy Plow
33:35 Loom
34:46 Wheelbarrow
34:25 Scale Barding Armor
34:30 Forging
35:16 Husbandry
35:28 Bloodlines
35:59 Gold Mining
38:37 Hand Cart
39:41 Siege Elephant
41:01 Heavy Camel Rider
Boustos13
0:32 Loom
15:49 Feudal Age
21:30 Castle Age
20:12 Wheelbarrow
19:22 Town Watch
22:48 Caravan
27:08 Fortified Wall
27:25 Ballistics
32:00 Hand Cart
32:53 Town Patrol
38:58 Imperial Age
36:57 Scale Mail Armor
40:47 Elite Teutonic Knight
TWT
1:09 Loom
11:26 Feudal Age
15:59 Castle Age
14:36 Double-Bit Axe
14:36 Horse Collar
14:50 Gold Mining
15:13 Stone Mining
16:41 Wheelbarrow
19:25 Hand Cart
19:43 Bow Saw
22:55 Heavy Plow
24:08 Stone Shaft Mining
31:42 Imperial Age
29:55 Gold Shaft Mining
29:29 Scale Barding Armor
29:25 Scale Mail Armor
29:25 Padded Archer Armor
29:15 Fletching
31:02 Fletching
31:22 Forging
31:28 Chain Mail Armor
31:33 Chain Barding Armor
31:02 Light Cavalry
31:53 Bloodlines
31:50 Husbandry
32:23 Ballistics
32:57 Conscription
32:40 Hussar
33:37 Bodkin Arrow
33:57 Leather Archer Armor
35:13 Chemistry
34:41 Nomads
35:20 Elite Mangudai
37:06 Masonry
36:52 Murder Holes
37:18 Leather Archer Armor
38:12 Drill
41:17 Bracer
41:53 Iron Casting
41:48 Plate Mail Armor
BlueGuardian
11:03 Feudal Age
11:37 Horse Collar
11:43 Double-Bit Axe
18:16 Castle Age
17:04 Gold Mining
17:06 Stone Mining
18:40 Wheelbarrow
17:34 Champi Runner
18:30 Forging
19:20 Heavy Plow
19:49 Scale Mail Armor
19:51 Champi Warrior
21:49 Squires
22:51 Chain Mail Armor
26:06 Fletching
26:57 Padded Archer Armor
32:14 Imperial Age
30:40 Gold Shaft Mining
31:19 Iron Casting
31:24 Arson
32:03 Bodkin Arrow
34:05 Chemistry
33:56 Plate Mail Armor
34:18 Ballistics
34:38 Elite Champi Warrior
36:30 Caciques
37:04 Elite Blackwood Archer
38:08 Caravan
38:38 Bracer
40:05 Curare
40:57 Leather Archer Armor
Sir Pepe84
1:06 Loom
13:00 Feudal Age
13:30 Double-Bit Axe
15:01 Wheelbarrow
14:35 Horse Collar
14:48 Gold Mining
15:04 Stone Mining
21:45 Arson
23:34 Fletching
23:39 Man-at-Arms
29:04 Castle Age
29:55 Forging
29:45 Scale Mail Armor
29:46 Padded Archer Armor
29:53 Scale Barding Armor
29:41 Long Swordsman
31:10 Bow Saw
31:11 Gambesons
32:27 Heavy Plow
32:05 Pikeman
32:45 Squires
34:04 Squires
Connection lost

Rejoining the realm…

Still unreachable

The connection could not be restored.

Session expired

The server has moved on; the page needs a fresh start.